cohdb
Replays
Latest Replays
All Replays
Popular Replays
Top Player Replays
Match Explorer
How It Works
Community
CoH3 Stats
Reddit
Sign in to upload your games and track your stats! →
Sign in with Steam
Match 45703274
Unlisted
Match 45703274
Overview
Messages
Build Orders
End
Construct Infanterie Kompanie
Grenadier Squad
MG 42 Machine Gun Team
Grenadier Squad
Grenadier Squad
Construct Luftwaffe Kompanie
Flak 30 Anti-aircraft Gun Team
Jäger Squad
Medical Station
Jäger Squad
Construct Panzergrenadier Kompanie
Construct Panzer Kompanie
Stoßtruppen Squad
Panzer IV Medium Tank
Side Skirts
Stoßtruppen Squad
Selects Mechanized Battlegroup
Selects Spotting Scopes
Selects Wespe Self-propelled Artillery
Selects Zeroing Artillery Barrage
Selects Raid Package
Panzer IV Medium Tank
Zeroing Artillery Barrage
Panzer Officer Quarters
Wespe Self-propelled Artillery
AI Takeover
カルト_くん
Rolling9Deep
OHxYEAHxJNP
P3prime
0
0
Comments
sign in to comment!
No comments posted yet!